 Dungeon Crawl Stone Soup version 0.29-a0-632-g781b4ac09e (webtiles) character file.

Game seed: 15941760773699645668

228 Bruhh the Cleaver (level 6, -3/51 HPs)
             Began as a Hill Orc Fighter on June 19, 2022.
             Slain by Grinder (5 damage)
             ... on level 3 of the Dungeon.
             The game lasted 00:02:43 (2798 turns).

Bruhh the Cleaver (Hill Orc Fighter)                Turns: 2798, Time: 00:02:43

Health: -3/51      AC:  8    Str: 21    XL:     6   Next: 2%
Magic:  6/6        EV:  9    Int:  8    God:
Gold:   111        SH:  4    Dex: 10    Spells: 5/5 levels left

rFire   . . .      SeeInvis .   a - +0 war axe
rCold   + . .      Faith    .   c - +0 buckler
rNeg    . . .      Spirit   .   b - +0 scale mail
rPois   +          Reflect  .   (no helmet)
rElec   .          Harm     .   q - +0 cloak
rCorr   .          Rampage  .   (no gloves)
Will    .....                   (no boots)
Stlth   ..........              (no amulet)
HPRegen 0.17/turn               l - ring of poison resistance
MPRegen 0.10/turn               h - ring of protection from cold

@: flying
A: no striking features
a: no special abilities


You were on level 3 of the Dungeon.
You visited 1 branch of the dungeon, and saw 3 of its levels.

You collected 111 gold pieces.

Inventory:

Hand Weapons
 a - a +0 war axe (weapon)
Armour
 b - a +0 scale mail (worn)
 c - a +0 buckler (worn)
 q - a +0 cloak (worn)
Jewellery
 h - a ring of protection from cold (right hand)
 l - a ring of poison resistance (left hand)
Scrolls
 i - a scroll of amnesia {unknown}
 j - 2 scrolls of enchant armour {unknown}
 k - a scroll of enchant weapon {unknown}
 m - a scroll of teleportation {unknown}
 n - a scroll of identify {unknown}
 p - a scroll of magic mapping {unknown}
 r - a scroll of fear {unknown}
 s - a scroll of fog {unknown}
Potions
 d - a potion of flight
 f - a potion of cancellation {unknown}
 g - a potion of brilliance {unknown}
 o - a potion of magic {unknown}


   Skills:
 - Level 3.6 Fighting
 + Level 8.0 Axes
 - Level 3.2 Armour
 - Level 3.2 Shields


You had 5 spell levels left.
You didn't know any spells.
Your spell library was empty.

Dungeon Overview and Level Annotations

Branches:
Dungeon (3/15)

Altars:
Okawaru

Shops:
D:1 !

Annotations:
D:3 Grinder


Message History

* * * LOW HITPOINT WARNING * * *
You writhe in agony.
* * * LOW HITPOINT WARNING * * *
You feel more buoyant. Grinder closely misses you.
It was a potion of heal wounds.
You feel much better.
Grinder blinks!
Found 9 gold pieces.
Grinder gestures at you. Pain shoots through your body!
You hit Grinder.
Grinder is heavily wounded.
Grinder hits you.
You writhe in agony.
Grinder gestures at you. Pain shoots through your body!
* * * LOW HITPOINT WARNING * * *
You hit Grinder.
Grinder is heavily wounded.
Grinder barely misses you.
Unknown command.
You feel much better. Grinder hits you.
You writhe in agony.
You hit Grinder.
Grinder is severely wounded.
Grinder hits you!
You writhe in agony.
* * * LOW HITPOINT WARNING * * *
You hit Grinder.
Grinder is almost dead.
Grinder blinks!
You block Grinder's attack.
You hit Grinder.
Grinder is almost dead.
Grinder hits you.
* * * LOW HITPOINT WARNING * * *
You writhe in agony.
* * * LOW HITPOINT WARNING * * *
You barely miss Grinder.
Grinder is almost dead.
Grinder hits you.
* * * LOW HITPOINT WARNING * * *
You writhe in agony.
You die...

# ..##........
##############.##........
...............##.†......
####### #####.....)......
#.....###.......#!)......
#.....#...#####.#........
........### #.#........
......### ####.)......!.
#.....# #....@....(###
#.....# #...5....###
#.#.### #........# ..#.#
#........# .....
..........# ......
...........# #........$.#
...........#


You could see Grinder.

Vanquished Creatures
  Terence (D:2)
  Natasha (thrice) (D:2)
  An iguana (D:3)
  Robin (D:2)
  An adder (D:2)
  3 worms
  2 dart slugs
  3 orcs (D:3)
  4 endoplasms
  4 giant cockroaches
  9 hobgoblins
  2 quokkas (D:1)
  7 ball pythons
  6 bats
  12 goblins
  5 kobolds
  6 rats
70 creatures vanquished.

Notes
Turn   | Place    | Note
-------+----------+-------------------------------------------
     0 | D:1      | Bruhh the Hill Orc Fighter began the quest for the Orb.
     0 | D:1      | Reached XP level 1. HP: 19/19 MP: 1/1
   100 | D:1      | Reached skill level 3 in Axes
   196 | D:1      | Reached XP level 2. HP: 26/26 MP: 2/2
   261 | D:1      | Reached skill level 4 in Axes
   584 | D:1      | Found Gaidgh's Distillery.
   731 | D:1      | Reached XP level 3. HP: 30/31 MP: 3/3
  1202 | D:2      | Noticed Robin
  1208 | D:2      | Reached skill level 5 in Axes
  1217 | D:2      | Killed Robin
  1218 | D:2      | Reached XP level 4. HP: 16/39 MP: 4/4
  1639 | D:2      | Noticed Natasha
  1645 | D:2      | Killed Natasha
  1646 | D:2      | Reached skill level 6 in Axes
  1701 | D:2      | Noticed Natasha
  1713 | D:2      | Killed Natasha
  1714 | D:2      | Reached XP level 5. HP: 17/45 MP: 5/5
  2140 | D:2      | Noticed Natasha
  2141 | D:2      | Killed Natasha
  2142 | D:2      | Reached skill level 7 in Axes
  2415 | D:2      | Noticed Terence
  2419 | D:2      | Killed Terence
  2646 | D:3      | Found an iron altar of Okawaru.
  2767 | D:3      | Noticed Grinder
  2770 | D:3      | Reached skill level 8 in Axes
  2770 | D:3      | Reached XP level 6. HP: 51/51 MP: 6/6
  2779 | D:3      | Paralysed by Grinder for 4 turns
  2798 | D:3      | HP: 2/51 [Grinder (3)]
  2798 | D:3      | Slain by Grinder

Illustrated notes

Levels and vault maps discovered:
D:1:      onia_arrival_pyramid, layout_basic, serial_shops, shop_fountains
D:2:      layout_basic, uniq_terence, uniq_robin, uniq_natasha
D:3:      layout_rooms, marbit_many_paths, ebering_ecumenical_altar_webs,
          uniq_grinder, uniq_sigmund

Skill      XL: |  1  2  3  4  5 |
---------------+----------------+-----
Axes           | 3 4 5 6 8 |  8.0
Fighting       | |  3.6
Armour         | |  3.2
Shields        | |  3.2

Action                   |  1- 3 |  4- 6 || total
-------------------------+-------+-------++-------
Melee: War axe           |    85 |    96 ||   181
  Use: Potion            |     1 |     4 ||     5
Armor: Scale mail        |    57 |    26 ||    83
Dodge: Dodged            |    37 |    31 ||    68
Block: Buckler           |    24 |    14 ||    38

Table legend: (Time is in decaauts)
 A = Elapsed time spent in this place.
 B = Non-inter-level travel time spent in this place.
 C = Inter-level travel time spent in this place.
 D = Time resting spent in this place.
 E = Time spent auto-exploring this place.
 F = Levels seen in this place.
 G = Mean time per level.
                   A        B        C        D        E       F      G
               +--------+--------+--------+--------+--------+-----+--------+
         Total |   2849 |   2783 |     66 |      0 |   2361 |   3 |  949.7 |
       Dungeon |   2849 |   2783 |     66 |      0 |   2361 |   3 |  949.7 |
               +--------+--------+--------+--------+--------+-----+--------+

Top non-repeatable levels by time:
     D:2: 1532 daAuts
     D:1: 1030 daAuts
     D:3: 286 daAuts
